 Dungeon Crawl Stone Soup version 0.29.0-4-gdea44cf6ec (webtiles) character file.

Game seed: 7428903140965561046

2 qw the Vexing (level 1, 0/16 HPs)
             Began as an Ogre Enchanter on Sept 4, 2022.
             Slain by a ball python (1 damage)
             ... on level 1 of the Dungeon.
             The game lasted 00:00:07 (213 turns).

qw the Vexing (Ogre Enchanter)                       Turns: 213, Time: 00:00:07

Health: 0/16       AC:  3    Str: 11    XL:     1   Next: 40%
Magic:  3/3        EV:  9    Int: 16    God:
Gold:   13         SH:  0    Dex:  9    Spells: 4/4 levels left

rFire   . . .      SeeInvis .   h - +0 mace
rCold   . . .      Faith    .   (no shield)
rNeg    . . .      Spirit   .   b - +0 robe
rPois   .          Reflect  .   (helmet restricted)
rElec   .          Harm     .   (no cloak)
rCorr   .          Rampage  .   (gloves unavailable)
Will    .....                   (boots unavailable)
Stlth   ++........              (no amulet)
HPRegen 0.05/turn               (no ring)
MPRegen 0.08/turn               (no ring)

@: no status effects
A: large, unfitting armour, tough skin 1
a: no special abilities


You were on level 1 of the Dungeon.
You visited 1 branch of the dungeon, and saw 1 of its levels.

You collected 13 gold pieces.


Innate Abilities, Weirdness & Mutations

You are too large for most types of armour.
You have tough skin. (AC +1)


   Skills:
 - Level 0.8 Short Blades
 + Level 0.8 Axes
 - Level 1.7 Dodging
 - Level 2.1 Stealth
 - Level 2.4 Spellcasting
 - Level 2.6 Hexes


You had 4 spell levels left.
You didn't know any spells.
Your spell library contained the following spells:

 Spells                   Type           Power      Damage    Failure   Level
 Ensorcelled Hibernation  Hex/Ice        12%        N/A       17%         2
 Confusing Touch          Hex            10%        N/A       21%         3
 Tukima's Dance           Hex            10%        N/A       21%         3
 Dazzling Flash           Conj/Hex       12%        N/A       34%         3

Inventory:

Hand Weapons
 h - a +0 mace (weapon)
Armour
 b - a +0 robe (worn)
Scrolls
 d - a scroll of torment {unknown}
 e - 2 scrolls of identify {unknown}
 g - a scroll of summoning {unknown}
Potions
 c - 2 potions of invisibility
 f - a potion of might {unknown}

Dungeon Overview and Level Annotations

Branches:
Dungeon (1/15)

Altars:


Message History

h - a +0 mace
155 ||| SWAPPING to +0 mace.
h - a +0 mace (weapon)
156 ||| DROPPING +1 dagger.
You drop a +1 dagger.
You open the door.
There is an open door here.
A goblin is nearby!
You hit the goblin.
You kill the goblin!
You see here a +0 club.
You see here a +0 club.
There is an open door here.
You see here a +1 dagger.
There is an open door here.
Found 4 stones.
Enter note:
Found a book of Dangerous Friends.
An endoplasm and a ball python come into view.
The ball python hisses angrily.
The endoplasm quivers.
You hit the ball python.
The ball python is moderately wounded.
The ball python bites you. The ball python closely misses you.
The endoplasm hits you.
You closely miss the ball python.
The ball python is moderately wounded.
The ball python barely misses you. The endoplasm hits you.
The ball python bites you.
You hit the ball python but do no damage.
The ball python is moderately wounded.
The endoplasm freezes you.
You are frozen.
The ball python bites you. The endoplasm freezes you.
You are frozen.
You closely miss the ball python.
The ball python is moderately wounded.
The ball python bites you.
The endoplasm hits you but does no damage.
The ball python bites you.
You die...

########## #.........
####### ####.........
.....=. #............
.......#####.......+##..
......J............+....
......S@...........####.
.........(.........# #)
...................# #.
.......#####.......# #.
....... #.......# #.
.:..... #.......# #.
....... #.......# #.
..!.... #.......# #.
.... #.......#


You could see an endoplasm and a ball python.

Vanquished Creatures
  A goblin (D:1)
  A bat (D:1)
  A frilled lizard (D:1)
3 creatures vanquished.

Vanquished Creatures (others)
  A plant (D:1)
1 creature vanquished.

Grand Total: 4 creatures vanquished

Notes
Turn   | Place    | Note
-------+----------+-------------------------------------------
     0 | D:1      | qw the Ogre Enchanter began the quest for the Orb.
     0 | D:1      | Reached XP level 1. HP: 16/16 MP: 3/3
     0 | D:1      | 0 ||| qw: Version: 0.1-a-103-gd6f5d3a
     0 | D:1      | 0 ||| qw: Game counter: 5495
     0 | D:1      | 0 ||| qw: Always use a shield: true
     0 | D:1      | 0 ||| qw: God list: Okawaru
     0 | D:1      | 0 ||| qw: Allow faded altars: false
     0 | D:1      | 0 ||| qw: Do Orc after D:15 true
     0 | D:1      | 0 ||| qw: Do second Lair branch before Depths: true
     0 | D:1      | 0 ||| qw: Lair rune preference: random
     0 | D:1      | 0 ||| qw: Plans: Normal
     0 | D:1      | 0 ||| PLANNING D:1-11
   144 | D:1      | Found a faded altar of an unknown god.
   155 | D:1      | 155 ||| SWAPPING to +0 mace.
   156 | D:1      | 156 ||| DROPPING +1 dagger.
   212 | D:1      | HP: 3/16 [frozen (3)]
   213 | D:1      | HP: 1/16 [ball python (2)]
   213 | D:1      | Slain by a ball python

Levels and vault maps discovered:
D:1:      kennysheep_arrival_seaside, layout_basic,
          shapermc_ecumenical_altar_ellora, dreamdust_wishing_well

Action                   || total
-------------------------++-------
Melee: Dagger            ||     6
       Mace              ||     5
Armor: Robe              ||     4
Dodge: Dodged            ||     3

Table legend:
 A = Non-vault XP
 B = Vault XP
 C = Vault XP percentage of total XP
 D = Non-vault monster count
 E = Vault monster count
 F = Vault count percentage of total count
                 A         B        C        D         E       F
            +---------+---------+-------+---------+---------+-------
      Total |       4 |       0 |   0.0 |       3 |       0 |   0.0
            +---------+---------+-------+---------+---------+-------
        D:1 |       4 |       0 |   0.0 |       3 |       0 |   0.0
            +---------+---------+-------+---------+---------+-------
